 Dungeon Crawl Stone Soup version 0.24-a0-471-g3302cd442e (webtiles) character file.

Game seed: 2580229293289792381

1573 inmateoo the Slasher (level 8, -2/42 HPs)
             Began as a Vine Stalker Fighter on July 4, 2019.
             Slain by an orc warrior
             ... wielding a +0 halberd
              (11 damage)
             ... on level 6 of the Dungeon.
             The game lasted 00:05:57 (4011 turns).

inmateoo the Slasher (Vine Stalker Fighter)         Turns: 4011, Time: 00:05:57

Health: -2/42      AC: 13    Str: 25    XL:     8   Next: 90%
Magic:  0/9        EV: 10    Int:  8    God:
Gold:   374        SH: 10    Dex: 15    Spells: 7/7 levels left

rFire    . . .     SeeInvis .   t - +3 falchion (elec)
rCold    . . .     Gourm    .   c - +0 shield
rNeg     + . .     Faith    .   l - +5 scale mail
rPois    .         Spirit   +   (no helmet)
rElec    .         Reflect  .   (no cloak)
rCorr    .         Harm     .   u - +0 pair of gloves "Soixohy" {-Tele rN+ Stlth+} (curse)
MR       +....     NoTele   +   (no boots)
Stlth    +.........             (no amulet)
HPRegen  0.54/turn              (no ring)
MPRegen  0.11/turn              (no ring)

@: mighty
A: fangs 3, regeneration 1, magic shield, antimagic bite, no potion heal 3, rot
immunity
a: no special abilities


You were on level 6 of the Dungeon.
You were near starving.

You visited 1 branch of the dungeon, and saw 6 of its levels.

You collected 374 gold pieces.

Inventory:

Hand Weapons
 a - a +0 long sword
 t - a +3 falchion of electrocution (weapon)
Armour
 c - a +0 shield (worn)
 l - a +5 scale mail (worn)
 u - the cursed +0 pair of gloves "Soixohy" (worn) {-Tele rN+ Stlth+}
   (You found it on level 4 of the Dungeon)

   It protects you from negative energy.
   It prevents most forms of teleportation.
   It makes you more stealthy.
   It has a curse placed upon it.
Jewellery
 s - an uncursed ring of poison resistance
Scrolls
 g - 3 scrolls of teleportation
 m - 2 scrolls of remove curse
 o - a scroll of enchant armour
 w - a scroll of magic mapping
 x - a scroll of amnesia
Potions
 b - 3 potions of degeneration {unknown}
 d - a potion of might
 e - a potion of brilliance {unknown}
 h - 4 potions of mutation {unknown}
 i - 3 potions of lignification {unknown}
 j - a potion of cancellation
 k - 2 potions of flight
 n - a potion of magic
 p - 2 potions of agility
 q - 3 potions of haste
 r - 5 potions of curing
Comestibles
 f - 14 rations


   Skills:
 + Level 4.8 Fighting
 * Level 6.0 Long Blades
 + Level 4.3 Armour
 + Level 3.4 Dodging
 + Level 4.8 Shields


You had 7 spell levels left.
You didn't know any spells.
Your spell library contained the following spells:

 Spells                   Type           Power        Failure   Level  Hunger
 Animate Skeleton         Necr           N/A          98%         1    ##.....
 Apportation              Tloc           #.....       98%         1    ##.....
 Confusing Touch          Hex            #.....       98%         1    ##.....
 Magic Dart               Conj           #...         98%         1    ##.....
 Summon Small Mammal      Summ           #...         98%         1    ##.....
 Blink                    Tloc           N/A          99%         2    ###....
 Call Imp                 Summ           #.......     99%         2    ###....
 Slow                     Hex            #.......     99%         2    ###....
 Conjure Flame            Conj/Fire      #.......     100%        3    ####...
 Mephitic Cloud           Conj/Pois/Air  #.......     100%        3    ####...


Dungeon Overview and Level Annotations

Branches:
Dungeon (6/15)
 Temple: D:4-7

Altars:
Makhleb
Nemelex Xobeh


Innate Abilities, Weirdness & Mutations

You have razor-sharp teeth.
Your natural rate of healing is unusually fast.
When hurt, damage is shared between your health and your magic reserves.
Your bite disrupts and absorbs the magic of your enemies.
Potions cannot restore your health.
You are immune to rotting.


Message History

The orc warrior hits you with a +0 halberd!
You see here 25 stones.
You hit the orc warrior but do no damage.
The orc warrior hits you with a +0 halberd!
You are too injured to fight recklessly!
You hit the orc warrior but do no damage.
You bite the orc warrior. You drain its power.
You feel invigorated.
The orc warrior is lightly wounded.
The orc warrior hits you with a +0 halberd!
* * * LOW HITPOINT WARNING * * *
You are too injured to fight recklessly!
You hit the orc warrior but do no damage.
The orc warrior is lightly wounded.
You feel very mighty all of a sudden. You block the orc warrior's attack.
You slash the orc warrior! You bite the orc warrior! You drain its power.
You feel invigorated.
The orc warrior is severely wounded.
The orc warrior hits you with a +0 halberd!!
You die...

.....#.#........
#..#.#.#.######..........#.
...........................
...#.#.#.######..........#
##.#.#...................
.....###.###.........#.#
.......................#
....####.###........>#
.........>.....o@....#
.....###.##.########.##
)....#......# #..#
.....#.#.############.#
.....#.#.# #.....#....#
.....# #.# ##.##.##.###
##+#.#+#.# #.##.##.##
#.....# #..#.)#..#
##+#.....###.##.##.##


You could see an orc warrior.

Vanquished Creatures
  Menkaure (D:6)
  2 sky beasts
  3 ice beasts
  An ogre (D:5)
  A centaur (D:5)
  A phantom (D:5)
  A bullfrog (D:6)
  A crimson imp (D:5)
  2 hounds
  2 gnoll shamans
  A centaur skeleton (D:4)
  An iguana (D:4)
  2 worker ants
  Natasha (thrice) (D:4)
  3 orc wizards
  4 adders
  10 gnolls
  2 adder skeletons
  An adder zombie (D:6)
  3 worms (D:2)
  3 dart slugs
  A leopard gecko (D:6)
  19 orcs
  3 giant cockroaches
  10 goblins
  17 hobgoblins
  4 jackals (D:2)
  2 quokkas (D:3)
  2 ball pythons (D:1)
  11 bats
  3 frilled lizards
  A jackal skeleton (D:5)
  11 kobolds
  A leopard gecko zombie (D:5)
  A quokka skeleton (D:5)
  A quokka zombie (D:5)
  5 rats
140 creatures vanquished.

Notes
Turn   | Place    | Note
-------+----------+-------------------------------------------
     0 | D:1      | inmateoo the Vine Stalker Fighter began the quest for the
                  | Orb.
     0 | D:1      | Reached XP level 1. HP: 11/11 MP: 2/2
    88 | D:1      | Reached skill level 2 in Long Blades
    97 | D:1      | Reached XP level 2. HP: 13/16 MP: 1/3
   468 | D:2      | Reached XP level 3. HP: 19/19 MP: 4/4
   781 | D:2      | Gained mutation: Your natural rate of healing is unusually
                  | fast. [Vine Stalker growth]
   781 | D:2      | Reached XP level 4. HP: 24/24 MP: 5/5
  1138 | D:2      | You fall into a shaft and drop 1 floor!
  1151 | D:3      | Reached skill level 1 in Dodging
  1230 | D:3      | Reached XP level 5. HP: 28/28 MP: 4/6
  1261 | D:3      | Reached skill level 3 in Long Blades
  1600 | D:3      | Found a sparkling altar of Nemelex Xobeh.
  2166 | D:4      | Reached XP level 6. HP: 32/32 MP: 7/7
  2234 | D:4      | Noticed Natasha
  2239 | D:4      | Killed Natasha
  2245 | D:4      | Found a burning altar of Makhleb.
  2324 | D:4      | Noticed Natasha
  2336 | D:4      | Killed Natasha
  2383 | D:4      | Noticed Natasha
  2389 | D:4      | Killed Natasha
  2667 | D:4      | Reached skill level 4 in Long Blades
  2783 | D:4      | Got a pair of polished gloves
  2789 | D:4      | Identified the cursed +0 pair of gloves "Soixohy" {-Tele
                  | rN+ Stlth+} (You found it on level 4 of the Dungeon)
  2836 | D:5      | Entered Level 5 of the Dungeon
  2844 | D:4      | Reached XP level 7. HP: 31/37 MP: 6/8
  3282 | D:5      | Reached skill level 5 in Long Blades
  3282 | D:5      | Gained mutation: You have razor-sharp teeth. [Vine Stalker
                  | growth]
  3282 | D:5      | Reached XP level 8. HP: 42/42 MP: 9/9
  3929 | D:6      | Noticed Menkaure
  3934 | D:6      | Killed Menkaure
  3934 | D:6      | Reached skill level 6 in Long Blades
  4011 | D:6      | Slain by an orc warrior

Levels and vault maps discovered:
D:1:      dpeg_arrival_connections, layout_rooms, minmay_misc_feat_more_columns
D:2:      layout_loops_ring
D:3:      layout_rooms, lemuel_doored_altar
D:4:      corexii_shantytown, layout_basic, bloody_makhleb, first_ration,
          uniq_natasha
D:5:      layout_loops_cross
D:6:      minmay_angry_zag, layout_basic, minmay_temple_entry_from_below_a,
          uniq_menkaure

Skill      XL: |  1  2  3  4  5  6  7  8 |
---------------+-------------------------+-----
Long Blades    | 2 3 4 5 6 |  6.0
Fighting       | 3 4 |  4.8
Shields        | 3 4 |  4.8
Dodging        | 1 2 3 |  3.4
Armour         | 3 4 |  4.3

Action                   |  1- 3 |  4- 6 |  7- 9 || total
-------------------------+-------+-------+-------++-------
Melee: Long sword        |    89 |   207 |       ||   296
       Bite              |    29 |    67 |    44 ||   140
       Falchion          |       |    16 |   127 ||   143
  Use: Scroll            |       |    13 |     2 ||    15
       Potion            |       |       |     1 ||     1
  Eat: Chunk             |       |     6 |     3 ||     9
Armor: Scale mail        |    38 |   102 |    52 ||   192
Dodge: Dodged            |    24 |    66 |    39 ||   129
Block: Shield            |    42 |   119 |    64 ||   225
       Rpst.: Long sword |     7 |    26 |       ||    33
       Falchion          |       |     1 |    12 ||    13

Table legend:
 A = Non-vault XP
 B = Vault XP
 C = Vault XP percentage of total XP
 D = Non-vault monster count
 E = Vault monster count
 F = Vault count percentage of total count
                 A         B        C        D         E       F
            +---------+---------+-------+---------+---------+-------
      Total |    1847 |     401 |  17.8 |     106 |      34 |  24.3
            +---------+---------+-------+---------+---------+-------
        D:1 |      29 |       0 |   0.0 |      18 |       0 |   0.0
        D:2 |      66 |       0 |   0.0 |      27 |       0 |   0.0
        D:3 |     105 |       0 |   0.0 |      23 |       0 |   0.0
        D:4 |     351 |     171 |  32.8 |      13 |      30 |  69.8
        D:5 |     821 |       0 |   0.0 |      20 |       0 |   0.0
        D:6 |     475 |     230 |  32.6 |       5 |       4 |  44.4
            +---------+---------+-------+---------+---------+-------
